 Dungeon Crawl Stone Soup version 0.18-a0-1747-g18c4181 (webtiles) character file.

69 andalon the Firebug (level 4, -7/24 HPs)
             Began as a Gargoyle Fire Elementalist on Apr 12, 2016.
             Mangled by a worm (8 damage)
             ... on level 2 of the Dungeon.
             The game lasted 00:12:01 (2599 turns).

andalon the Firebug (Gargoyle Fire Elementalist)    Turns: 2599, Time: 00:12:02

Health: -7/24      AC:  5    Str: 12    XL:     4   Next: 20%
Magic:  2/7        EV: 12    Int: 15    God:
Gold:   87         SH:  0    Dex: 11    Spells: 3 memorised, 1 level left

rFire  . . .     SeeInvis .     g - +1 dagger
rCold  . . .     Gourm    .     a - +0 robe
rNeg   + . .     Faith    .     (no shield)
rPois  ∞         Spirit   .     (no helmet)
rElec  +         Dismiss  .     (no cloak)
rCorr  .         Reflect  .     (no gloves)
SustAt .         Harm     .     (no boots)
MR     .....                    (no amulet)
Stlth  ++........               (no ring)
                                (no ring)

@: very slightly contaminated, not resistant to hostile enchantments, unstealthy
A: negative energy resistance 1, electricity resistance, unbreathing,
petrification resistance, rot immunity, AC +3
a: no special abilities


You were on level 2 of the Dungeon.
You were hungry.

You visited 1 branch of the dungeon, and saw 2 of its levels.

You collected 87 gold pieces.

Inventory:

Hand Weapons
 g - a +1 dagger (weapon)
 j - a +3 dagger
Missiles
 i - 93 stones (quivered)
 m - 17 poisoned needles
Armour
 a - a +0 robe (worn)
 h - a +0 robe
Scrolls
 f - a scroll of enchant weapon
Potions
 e - a potion of heal wounds {unknown}
 n - a potion of curing
Books
 b - a book of Flames

   Spells                             Type                      Level
   a - Flame Tongue                   Conjuration/Fire             1
   b - Throw Flame                    Conjuration/Fire             2
   c - Conjure Flame                  Conjuration/Fire             3
   d - Inner Flame                    Hexes/Fire                   3
   e - Sticky Flame                   Conjuration/Fire             4
   f - Fireball                       Conjuration/Fire             5
Comestibles
 c - 4 bread rations
 d - 3 meat rations
 k - a fruit
 l - a chunk of flesh


   Skills:
 * Level 0.9 Fighting
 + Level 0.1 Short Blades
 + Level 2.2 Dodging
 + Level 2.2 Stealth
 + Level 2.3 Spellcasting
 + Level 1.5 Conjurations
 * Level 3.8 Fire Magic


You had one spell level left.
You knew the following spells:

 Your Spells              Type           Power        Failure   Level  Hunger
a - Flame Tongue          Conj/Fire      #....        10%         1    #......
b - Throw Flame           Conj/Fire      #.....       12%         2    ###....
c - Conjure Flame         Conj/Fire      #.......     24%         3    ###....


Dungeon Overview and Level Annotations

Branches:
Dungeon (2/15)

Altars:


Innate Abilities, Weirdness & Mutations

You are resistant to torment.
Your stone body is resilient (AC +3).
You are immune to poison.
You resist negative energy.
You are resistant to electric shocks.
You can survive without breathing.
You are immune to petrification.
You are immune to rotting.


Message History

You barely miss the worm.
The worm is moderately wounded.
The kobold hits you with a short sword.
* * * LOW HITPOINT WARNING * * *
The worm bites you.
* * * LOW HITPOINT WARNING * * *
As you read the scroll labeled TIOLIEK EMAWKO, it crumbles to dust.
It is a scroll of enchant weapon.
Enchant which weapon? (? for menu, Esc to quit)
Your +0 dagger glows red for a moment.
The kobold hits you but does no damage. The worm closely misses you.
You hit the worm.
The worm is moderately wounded.
The kobold hits you but does no damage.
You hit the worm.
The worm is heavily wounded.
The kobold hits you with a short sword.
* * * LOW HITPOINT WARNING * * *
The worm bites you!
You die...

#.####.#...... ########.#
#.#...... #.....#..# #........ #
## #.......## ###...... .#
##.....### ####...... .###.#
#......# #......... ####..##.#
#......# #.###..###
.#.....#.###.##K.## ##.# #..#
....# ...#... ##@w#####..# #..#
#...# #..#.# ##..#....## #..##
...####....# ##...#######....
.....###...# #..### #.....#..
..##..#....# #..#####.#####..
#[###....#.######....##..#####..
................................
..#.###........#######..######..
###.###.#...#### #..##


You could see a worm and a kobold.

Vanquished Creatures
  2 adders (D:2)
  An ooze (D:2)
  A worm (D:2)
  2 dart slugs (D:1)
  2 giant geckos
  2 giant cockroaches (D:2)
  5 goblins
  4 hobgoblins
  4 jackals (D:1)
  A ball python (D:1)
  6 bats
  3 giant newts (D:1)
  2 kobolds
  2 rats
37 creatures vanquished.

Notes
Turn   | Place    | Note
--------------------------------------------------------------
     0 | D:1      | andalon the Gargoyle Fire Elementalist began the quest for the Orb.
     0 | D:1      | Reached XP level 1. HP: 10/10 MP: 3/3
   419 | D:1      | Reached XP level 2. HP: 14/15 MP: 1/5
   423 | D:1      | Learned a level 2 spell: Throw Flame
  1221 | D:1      | Reached XP level 3. HP: 19/19 MP: 4/6
  1545 | D:1      | Learned a level 2 spell: Throw Flame
  1549 | D:1      | Learned a level 3 spell: Conjure Flame
  2367 | D:2      | Reached XP level 4. HP: 23/24 MP: 3/7
  2599 | D:2      | HP: 1/24 [kobold/short sword (2)]
  2599 | D:2      | Mangled by a worm

Vault maps used:
D:1:      sevenhm_arrival_forest_fort_large_3
D:2:      uniq_sigmund

Skill      XL: |  1  2  3 |
---------------+----------+-----
Dodging        | 2 |  2.2
Fighting       | |  0.9
Short Blades   | |  0.1
Stealth        | |  2.2
Spellcasting   | |  2.3
Conjurations   | |  1.5
Fire Magic     | |  3.8

Action                   |  1- 3 |  4- 6 || total
-------------------------+-------+-------++-------
Melee: Unarmed           |    15 |       ||    15
       Dagger            |    86 |    18 ||   104
 Cast: Flame Tongue      |    45 |     3 ||    48
       Throw Flame       |       |     2 ||     2
  Use: Scroll            |     1 |     1 ||     2
       Potion            |     1 |       ||     1
  Eat: Chunk             |     5 |     1 ||     6
Armor: Robe              |    50 |     5 ||    55
Dodge: Dodged            |   102 |    10 ||   112
